Map: World of Sleepers LE

Players

JinairRogue (Rogue)

  • Race: Zerg Zerg
  • Spawn Location: 1:00

DPGPartinG (PartinG) - Winner!

  • Race: Protoss Protoss
  • League: Grandmaster
  • Spawn Location: 7:00

VOD

Have the link to the VOD?

Description

Time

  • Played on: Jan. 16, 2020, 7:26 a.m.
  • Length: 5:13
Show
View Real Time Build Order
Export as new Build Order

JinairRogue Zerg 

Build Orders: Pool First, Ravager All-In 

Get SALT Encoding   

  12  0:00  Drone  
  13  0:12  Overlord  
  13  0:17  Drone  
  14  0:30  Drone  
  14  0:31  Drone  
  14  0:35  Drone  
  17  0:45  Extractor  
  17  0:46  Drone  
  17  0:50  Spawning Pool  
  17  0:56  Drone  
  17  1:13  Hatchery  
  17  1:18  Drone  
  18  1:27  Drone  
  18  1:29  Extractor  
  18  1:37  Queen, Roach Warren  
  18  1:38  Zergling x2  
  18  1:39  Zergling x2  
  21  1:50  Overlord  
  21  2:05  Overlord  
  21  2:17  Roach  
  21  2:21  Roach  
  25  2:32  Roach  
  27  2:37  Ravager  
  28  2:45  Ravager  
  28  2:49  Roach x4  
  36  2:58  Ravager  
  36  3:00  Overlord  
  37  3:22  Roach x2  
  35  3:31  Roach  
  33  3:35  Ravager  
  33  3:39  Queen  
  31  3:42  Ravager  
  31  3:47  Drone  
  31  3:52  Ravager  
  30  4:00  Drone  
  31  4:04  Ravager  
  32  4:11  Drone  
  32  4:15  Queen  
  33  4:20  Overlord  
  33  4:27  Roach  
  35  4:36  Roach  
  37  4:46  Ravager  
  37  4:48  Roach x3  
  37  4:49  Roach  
  37  4:52  Roach  
  43  5:08  Ravager  
Show
View Real Time Build Order
Export as new Build Order

DPGPartinG Protoss - Winner!

Build Orders:  

Get SALT Encoding   

  12  0:00  Probe  
  13  0:12  Probe  
  14  0:18  Pylon  
  14  0:25  Probe (Chrono Boost)  
  15  0:36  Gateway  
  15  0:37  Probe (Chrono Boost)  
  16  0:44  Probe (Chrono Boost)  
  16  0:46  Assimilator  
  17  0:51  Probe  
  18  1:00  Forge  
  18  1:03  Probe  
  19  1:15  Probe, Pylon  
  20  1:25  Cybernetics Core  
  20  1:33  Photon Cannon  
  20  1:42  Pylon  
  21  1:47  Probe  
  21  1:54  Photon Cannon  
  21  2:05  Robotics Facility  
  21  2:12  Photon Cannon  
  21  2:22  Photon Cannon  
  20  2:30  Shield Battery  
  20  2:36  Shield Battery  
  20  2:49  Shield Battery  
  20  2:52  Observer (Chrono Boost)  
  20  2:56  Pylon  
  21  2:59  Shield Battery  
  21  3:06  Immortal (Chrono Boost)  
  25  3:15  Shield Battery  
  25  3:29  Shield Battery  
  25  3:37  Warp Prism (Chrono Boost)  
  27  3:47  Shield Battery  
  27  3:54  Shield Battery  
  27  4:08  Immortal (Chrono Boost)  
  31  4:16  Shield Battery  
  31  4:27  Shield Battery  
  31  4:28  Shield Battery  
  35  5:11  Shield Battery  
Tags
 
Add a new tag
Caveats
  • Supply blocks, unpowered buildings, or Contaminate may cause inaccurate times.
  • Supply counts are checked every 10 seconds.